 Dungeon Crawl Stone Soup version 0.32-a0-918-g0f22ef8d61 (webtiles) character file.

Game seed: 10490397628555834120

476 Revguard the Trooper (level 7, -7/59 HPs)
             Began as a Ghoul Gladiator on Apr 10, 2024.
             Was an Initiate of Makhleb.
             Mangled by Duvessa
             ... wielding a +0 rapier
              (11 damage)
             ... on level 4 of the Dungeon.
             The game lasted 00:05:39 (2591 turns).

Revguard the Trooper (Ghoul Gladiator)              Turns: 2591, Time: 00:05:40

Health: -7/59      AC: 10    Str: 18    XL:     7   Next: 10%
Magic:  8/8        EV:  7    Int:  7    God:    Makhleb [......]
Gold:   275        SH:  0    Dex: 12    Spells: 6/6 levels left

rFire   . . .        a - +0 war axe
rCold   + . .        (no shield)
rNeg    + + +        f - +0 chain mail
rPois   ∞            c - +0 helmet
rElec   .            (no cloak)
rCorr   .            (no gloves)
SInv    .            (no boots)
Will    .....        (no amulet) Stlth
                     (no ring)
HPRegen 0.00/turn    (no ring)
MPRegen 0.11/turn

%: no passive effects
@: inhibited regen
A: claws 1, cold resistance 1, negative energy resistance 3, inhibited
regeneration, torment resistance 2, devour on kill
a: Renounce Religion


You were on level 4 of the Dungeon.
You worshipped Makhleb.
Makhleb was noncommittal.
You visited 1 branch of the dungeon, and saw 4 of its levels.

You collected 275 gold pieces.

Inventory:

Hand Weapons
 a - a +0 war axe (weapon)
Missiles
 d - 3 throwing nets (quivered)
 e - a javelin
Armour
 b - a +0 leather armour
 c - a +0 helmet (worn)
 f - a +0 chain mail (worn)
Jewellery
 s - a ring of protection from cold
Wands
 k - a wand of warping (2)
 o - a wand of flame (25)
Scrolls
 g - 2 scrolls of amnesia {unknown}
 h - a scroll of summoning {unknown}
 j - 4 scrolls of identify {unknown}
 l - a scroll of torment {unknown}
 n - a scroll of enchant armour {unknown}
 p - a scroll of silence {unknown}
 r - a scroll of poison {unknown}
Potions
 i - a potion of heal wounds {unknown}
 m - a potion of curing {unknown}
 q - a potion of lignification {unknown}


   Skills:
 * Level 4.2 Fighting
 + Level 3.4 Axes
 - Level 1.7 Throwing
 * Level 2.8 Armour
 + Level 3.3 Dodging
 + Level 1.7 Shields
 + Level 2.2 Invocations
 + Level 1.9 Evocations


You had 6 spell levels left.
You didn't know any spells.
Your spell library contained the following spells:

 Spells                   Type           Power      Damage    Failure   Level
 Scorch                   Fire           0%         2d5       100%        2
 Fugue of the Fallen      Necr           0%         N/A       100%        3
 Ozocubu's Armour         Ice            0%         N/A       100%        3
 Flame Wave               Conj/Fire      0%         2d4       100%        4
 Summon Cactus Giant      Summ           0%         N/A       100%        6
 Malign Gateway           Summ/Tloc      0%         N/A       100%        7
 Manifold Assault         Tloc           0%         N/A       100%        7
 Summon Horrible Things   Summ           0%         N/A       100%        8


Dungeon Overview and Level Annotations

Branches:
Dungeon (4/15)
 Temple: D:4-7

Altars:
Makhleb
Sif Muna

Annotations:
D:4 Duvessa


Innate Abilities, Weirdness & Mutations

You are immune to poison.
You have sharp fingernails.
Your flesh is cold resistant. (rC+)
You are immune to negative energy. (rN+++)
You do not regenerate when monsters are visible.
You are immune to unholy pain and torment.
You thrive by killing the living.


Message History

There is an open door here.
Duvessa, Sister of Dowan comes into view.
She is wielding a +0 rapier.
Duvessa shouts!
Dowan, Brother of Duvessa comes into view.
He is wielding a +0 dagger.
Aiming: Warp Space
Press: ? - help, Shift-Dir - straight line, f - Duvessa
Aim: Duvessa, wielding a +0 rapier and wearing a +0 leather armour (chance to blink: 56%) Space twists violently!
The rupture engulfs Duvessa!
Duvessa blinks!
The rupture engulfs Dowan!
Dowan is heavily wounded.
Aiming: Warp Space
Press: ? - help, Shift-Dir - straight line, f - Dowan
Aim: Dowan, wielding a +0 dagger and wearing a +0 robe (heavily wounded, chance to blink: 56%) Space twists violently!
The rupture engulfs Dowan.
Dowan blinks!
Dowan is severely wounded.
You slash Dowan!
You kill Dowan!
Makhleb accepts your kill.
You hear a distant scream of rage.
You have reached level 7!
Duvessa goes berserk!
Aiming: Warp Space
Press: ? - help, Shift-Dir - straight line, f - Duvessa
Aim: Duvessa, wielding a +0 rapier and wearing a +0 leather armour (moderately wounded, berserk, chance to blink: 56%) Space twists violently!
The rupture engulfs Duvessa.
Duvessa blinks!
You closely miss Duvessa.
Duvessa is heavily wounded.
Duvessa barely misses you. x2
You barely miss Duvessa.
Duvessa is heavily wounded.
Duvessa hits you with a +0 rapier! Duvessa closely misses you.
You hit Duvessa.
Duvessa is heavily wounded.
Duvessa hits you with a +0 rapier! Duvessa hits you with a +0 rapier!!
You closely miss Duvessa.
Duvessa is heavily wounded.
Duvessa hits you with a +0 rapier!
* * * LOW HITPOINT WARNING * * *
Duvessa hits you with a +0 rapier!
You die...

.......##.#.#
.......##.#.#
.......##.#.#
..........#.###
....#.........#
....#.........####
....#..<......'..#
.......÷......##e#
..............##@#
..............##.#
#.......###....#.#
.#......# #.#..#.#
.#.#....# #.#....#
...#....# ..#....#
#..+....# .##.##.#
.>.#....##.##.##.#
.....###.........#


You could see Duvessa (berserk).

Vanquished Creatures
  Grinder (D:3)
  Dowan (D:4)
  2 hounds (D:4)
  An iguana (D:4)
  3 adders
  4 gnolls
  A ribbon worm (D:3)
  5 orcs
  3 ball pythons
  7 bats
  4 endoplasms
  5 giant cockroaches
  3 hobgoblins
  6 jackals
  2 quokkas
  A frilled lizard (D:3)
  7 goblins
  6 kobolds
  8 rats
70 creatures vanquished.

Notes
Turn   | Place    | Note
-------+----------+-------------------------------------------
     0 | D:1      | Revguard the Ghoul Gladiator began the quest for the Orb.
     0 | D:1      | Reached XP level 1. HP: 17/17 MP: 1/1
   127 | D:1      | Reached XP level 2. HP: 25/25 MP: 2/2
   386 | D:1      | Reached XP level 3. HP: 30/30 MP: 3/3
   397 | D:1      | Reached skill level 1 in Armour
   878 | D:2      | Identified the +0 mace of Guague Qiph {heavy, Str+4 Int+3
                  | Dex-5}
   901 | D:2      | Reached skill level 3 in Fighting
   901 | D:2      | Reached skill level 1 in Invocations
   901 | D:2      | Reached XP level 4. HP: 38/38 MP: 4/4
   909 | D:2      | Reached skill level 1 in Evocations
  1431 | D:3      | Found a faded altar of an unknown god.
  1576 | D:3      | Noticed Grinder
  1592 | D:3      | Killed Grinder
  1593 | D:3      | Reached skill level 1 in Shields
  1593 | D:3      | Reached XP level 5. HP: 27/46 MP: 4/6
  1593 | D:3      | Reached XP level 6. HP: 30/52 MP: 4/7
  1670 | D:3      | Found a burning altar of Makhleb.
  1670 | D:3      | Noticed a cacodemon
  1797 | D:3      | Noticed an orange demon
  1797 | D:3      | Noticed a neqoxec
  1799 | D:3      | Became a worshipper of Makhleb the Destroyer
  2144 | D:4      | Reached skill level 4 in Fighting
  2300 | D:4      | Found a shimmering blue altar of Sif Muna.
  2568 | D:4      | Noticed Duvessa
  2568 | D:4      | Noticed Dowan
  2582 | D:4      | Killed Dowan
  2583 | D:4      | Reached XP level 7. HP: 59/59 MP: 8/8
  2591 | D:4      | Mangled by Duvessa

Illustrated notes

Levels and vault maps discovered:
D:1:      matt_arrival_refuge, layout_basic
D:2:      layout_basic
D:3:      layout_rooms, makhleb_altar_promises_db, ebering_ecumenical_altar_box,
          uniq_grinder
D:4:      layout_basic, amcnicky_altar_gilded, minivault_4,
          cheibrodos_gnoll_hut, uniq_duvessa

Skill      XL: |  1  2  3  4  5  6 |
---------------+-------------------+-----
Armour         | 1 2 |  2.8
Fighting       | 3 4 |  4.2
Invocations    | 1 2 |  2.2
Evocations     | 1 |  1.9
Dodging        | 3 |  3.3
Axes           | 3 |  3.4
Shields        | 1 |  1.7
Throwing       | |  1.7

Action                     |  1- 3 |  4- 6 |  7- 9 || total
---------------------------+-------+-------+-------++-------
  Melee: War axe           |    91 |   109 |     4 ||   204
  Evoke: Wand              |       |     4 |     1 ||     5
    Use: Potion            |     2 |       |       ||     2
 Armour: Leather armour    |    17 |       |       ||    17
         Chain mail        |    84 |   117 |     5 ||   206
  Dodge: Dodged            |    61 |    66 |     3 ||   130

Table legend: (Time is in decaauts)
 A = Elapsed time spent in this place.
 B = Non-inter-level travel time spent in this place.
 C = Inter-level travel time spent in this place.
 D = Time resting spent in this place.
 E = Time spent auto-exploring this place.
 F = Levels seen in this place.
 G = Mean time per level.
                   A        B        C        D        E       F      G
               +--------+--------+--------+--------+--------+-----+--------+
         Total |   2661 |   2564 |     97 |      0 |   1893 |   4 |  665.2 |
       Dungeon |   2661 |   2564 |     97 |      0 |   1893 |   4 |  665.2 |
               +--------+--------+--------+--------+--------+-----+--------+

Top non-repeatable levels by time:
     D:3: 760 daAuts
     D:2: 760 daAuts
     D:1: 616 daAuts
     D:4: 524 daAuts
